 Dungeon Crawl Stone Soup version 0.30-a0-174-gbc10bd73c2 (webtiles) character file.

Game seed: 1007591635065315770

57 qw the Chopper (level 4, -2/28 HPs)
             Began as a Gargoyle Fighter on Oct 1, 2022.
             Slain by a gnoll
             ... wielding a +0 whip
             ... led by a gnoll bouda
              (8 damage)
             ... on level 3 of the Dungeon.
             The game lasted 00:00:27 (1354 turns).

qw the Chopper (Gargoyle Fighter)                   Turns: 1354, Time: 00:00:28

Health: -2/28      AC: 10    Str: 21    XL:     4   Next: 0%
Magic:  4/4        EV:  9    Int:  9    God:
Gold:   157        SH:  4    Dex:  9    Spells: 3/3 levels left

rFire   . . .      SeeInvis .    Y - +2 war axe
rCold   . . .      Faith    .    c - +0 buckler
rNeg    + . .      Spirit   .    b - +0 scale mail
rPois   inf        Reflect  .    (no helmet)
rElec   +          Harm     .    (no cloak)
rCorr   .          Rampage  .    (no gloves)
Will    .....                    (no boots)
Stlth   ..........               k - amulet of regeneration
HPRegen 1.04/turn                (no ring)
MPRegen 0.09/turn                (no ring)

@: about to teleport, weakened
A: sickness immunity, AC +3, negative energy resistance 1, electricity
resistance, torment resistance 1, petrification resistance
a: no special abilities


You were on level 3 of the Dungeon.
You visited 1 branch of the dungeon, and saw 3 of its levels.

You collected 157 gold pieces.


Innate Abilities, Weirdness & Mutations

You are immune to sickness and miasma.
Your stone body is resilient. (AC +3)
You are immune to poison.
You resist negative energy. (rN+)
You are resistant to electric shocks. (rElec)
You are resistant to unholy torment.
You are immune to petrification.


   Skills:
 - Level 3.2 Fighting
 + Level 3.7 Axes
 - Level 3.2 Armour
 - Level 3.2 Shields


You had 3 spell levels left.
You didn't know any spells.
Your spell library was empty.

Inventory:

Hand Weapons
 e - a +0 whip
 Y - a +2 war axe (weapon)
Armour
 b - a +0 scale mail (worn)
 c - a +0 buckler (worn)
Jewellery
 k - an amulet of regeneration (around neck)
Scrolls
 a - a scroll of teleportation
Potions
 d - a potion of might
 g - a potion of haste {unknown}
 h - a potion of cancellation {unknown}
 m - a potion of resistance {unknown}

Dungeon Overview and Level Annotations

Branches:
Dungeon (3/15)

Altars:

Annotations:
D:1 1 runed translucent door


Message History

You closely miss the gnoll. You hit the gnoll.
The gnoll hits you but does no damage. You block the gnoll's attack.
You slash the gnoll!
You kill the gnoll!
You hit the gnoll but do no damage. The gnoll barely misses you.
The gnoll bouda gazes fiercely through you!
You feel your attacks grow feeble.
You slash the gnoll!
The gnoll is severely wounded.
You hit the gnoll. The gnoll hits you but does no damage.
The gnoll closely misses you.
A ball python comes into view.
The gnoll bouda hits you but does no damage.
You block the gnoll's attack.
You barely miss the gnoll.
The gnoll is severely wounded.
The ball python hisses angrily.
You hit the gnoll. You barely miss the gnoll bouda.
The gnoll hits you with a +0 whip.
The gnoll bouda hits you with a +0 whip.
You block the gnoll's attack. The gnoll hits you but does no damage.
The gnoll hits you with a +0 whip.
You barely miss the gnoll.
The gnoll is severely wounded.
You slash the gnoll!
You kill the gnoll!
You slash the gnoll! You hit the gnoll bouda.
The gnoll bouda hits you with a +0 whip!
The gnoll hits you but does no damage. x2
You have reached level 4!
You feel clever.
1354 ||| READING 2 scrolls of teleportation.
As you read the scroll of teleportation, it crumbles to dust.
You feel strangely unstable.
The gnoll bouda gazes fiercely through you!
You feel as though you will be weak longer.
The gnoll bouda barely misses you. The hobgoblin closely misses you.
The rat bites you but does no damage. The gnoll barely misses you.
The gnoll hits you with a +0 whip!
You die...

...... .......#
......##.......
....!.....#)[.
..........#.#
#...........# ###
.....>.....# )...
#...<...#.....
##..<.ggg......
.........@g.S....
#..#.....)r#.....
.................
##....#..........
##......###.....
...##.... ...##
... ..... ..#
..##. ...


You could see a gnoll bouda, 2 gnolls, a hobgoblin, a ball python and a rat.

Vanquished Creatures
  2 gnolls (D:3)
  An adder (D:2)
  A worm (D:2)
  An endoplasm (D:2)
  2 giant cockroaches (D:2)
  4 goblins (D:2)
  3 hobgoblins (D:1)
  2 kobolds
  2 quokkas
  4 ball pythons
  A bat (D:2)
  2 rats (D:1)
25 creatures vanquished.

Notes
Turn   | Place    | Note
-------+----------+-------------------------------------------
     0 | D:1      | qw the Gargoyle Fighter began the quest for the Orb.
     0 | D:1      | Reached XP level 1. HP: 14/14 MP: 1/1
     0 | D:1      | 0 ||| qw: Version: 0.2-a-13-gfc7b4b4
     0 | D:1      | 0 ||| qw: Game counter: 1884
     0 | D:1      | 0 ||| qw: Always use a shield: true
     0 | D:1      | 0 ||| qw: God list: Okawaru
     0 | D:1      | 0 ||| qw: Allow faded altars: false
     0 | D:1      | 0 ||| qw: Do Orc after D:15 true
     0 | D:1      | 0 ||| qw: Do second Lair branch before Depths: true
     0 | D:1      | 0 ||| qw: Lair rune preference: random
     0 | D:1      | 0 ||| qw: Plans: Normal, Zot:1-4, God:TSO, Crypt, Tomb,
                  | Pan, Slime:5, Hells, Abyss, Orb
     0 | D:1      | 0 ||| PLANNING D:1-11
     1 | D:1      | Found a runed translucent door.
   165 | D:1      | Reached XP level 2. HP: 19/19 MP: 2/2
   407 | D:1      | 407 ||| READING 3 scrolls labelled VUEGAY ZUUFYLETRI.
   521 | D:2      | Reached skill level 3 in Axes
   593 | D:2      | Reached XP level 3. HP: 23/23 MP: 3/3
   839 | D:2      | 839 ||| Stepping ~*~*~tactically~*~*~ (hiding).
  1284 | D:2      | 1284 ||| DROPPING orb of guile.
  1285 | D:2      | 1285 ||| UPGRADING to amulet of guardian spirit.
  1290 | D:2      | 1290 ||| UPGRADING to amulet of regeneration.
  1300 | D:2      | 1300 ||| DROPPING amulet of guardian spirit.
  1301 | D:2      | 1301 ||| READING scroll labelled JUHEP JENIRPHI.
  1302 | D:2      | 1302 ||| READING scroll labelled WOAMOQ ROGYE.
  1303 | D:2      | 1303 ||| READING 2 scrolls labelled HUBBUE GESORECIL.
  1304 | D:2      | 1304 ||| READING scroll of enchant weapon.
  1304 | D:2      | 1304 ||| ENCHANTING +1 war axe.
  1353 | D:3      | HP: 4/23 [gnoll bouda/+0 whip (8)]
  1354 | D:3      | Reached XP level 4. HP: 5/28 MP: 4/4
  1354 | D:3      | 1354 ||| READING 2 scrolls of teleportation.
  1354 | D:3      | Slain by a gnoll

Levels and vault maps discovered:
D:1:      dpeg_arrival_caged_fury, layout_rooms
D:2:      layout_basic
D:3:      layout_rooms

Skill      XL: |  1  2 |
---------------+-------+-----
Axes           | 2 3 |  3.7
Fighting       | |  3.2
Armour         | |  3.2
Shields        | |  3.2

Action                   |  1- 3 |  4- 6 || total
-------------------------+-------+-------++-------
Melee: War axe           |    56 |       ||    56
  Use: Scroll            |     5 |     1 ||     6
Armor: Scale mail        |    21 |     1 ||    22
Dodge: Dodged            |    17 |     3 ||    20
Block: Buckler           |     9 |       ||     9

Table legend:
 A = Non-vault XP
 B = Vault XP
 C = Vault XP percentage of total XP
 D = Non-vault monster count
 E = Vault monster count
 F = Vault count percentage of total count
                 A         B        C        D         E       F
            +---------+---------+-------+---------+---------+-------
      Total |      82 |       0 |   0.0 |      25 |       0 |   0.0
            +---------+---------+-------+---------+---------+-------
        D:1 |      14 |       0 |   0.0 |       9 |       0 |   0.0
        D:2 |      39 |       0 |   0.0 |      14 |       0 |   0.0
        D:3 |      29 |       0 |   0.0 |       2 |       0 |   0.0
            +---------+---------+-------+---------+---------+-------
